 Dungeon Sprint DCSS version 0.27-a0-93-g19769c27d7 (webtiles) character file.

Game seed: 15217710668608210316

2028 mhtbhm the Carver (level 9, 0/135 HPs)
             Began as a Black Draconian Berserker on Jan 17, 2021.
             Was an Elder of Trog.
             Slain by a centaur warrior (8 damage)
             ... in the Dungeon (Sprint I: "Red Sonja").
             The game lasted 00:01:42 (1596 turns).

mhtbhm the Carver (Black Draconian Berserker)       Turns: 1596, Time: 00:01:43

Health: 0/135      AC:  8    Str: 24    XL:     9   Next: 3%
Magic:  9/9        EV: 17    Int:  7    God:    Trog [****..]
Gold:   810        SH:  0    Dex: 10    Spells: 8/8 levels left

rFire    . . .     SeeInvis .   a - +0 falchion
rCold    . . .     Faith    .   (no shield)
rNeg     . . .     Spirit   .   (armour unavailable)
rPois    .         Reflect  .   (helmet restricted)
rElec    +         Harm     .   (no cloak)
rCorr    .         Rampage  .   (no gloves)
Will     .....     NoTele   +   i - +0 pair of boots
Stlth    ..........             (no amulet)
HPRegen  0.32/turn              (no ring)
MPRegen  0.11/turn              (no ring)

@: berserking, short of breath, slow
A: breathe lightning, unfitting armour, electricity resistance, cold-blooded, AC
+7
a: Breathe Lightning, Renounce Religion, Berserk, Trog's Hand, Brothers in Arms


You were in the Dungeon.
You worshipped Trog.
Trog was greatly pleased with you.
You visited 1 branch You collected 810 gold pieces.

Inventory:

Hand Weapons
 a - a +0 falchion (weapon)
Missiles
 h - 4 curare-tipped darts
Armour
 i - a +0 pair of boots (worn)
Scrolls
 g - a scroll of blinking
 k - a scroll of fog {unknown}
Potions
 b - 3 potions of curing
 c - a potion of heal wounds
 d - a potion of haste
 e - 2 potions of magic
 f - a potion of berserk rage
 j - a potion of degeneration {unknown}


   Skills:
 + Level 12.2 Fighting
 + Level 12.4 Long Blades
 + Level 11.1 Dodging
 + Level 2.4 Stealth


You had 8 spell levels left.
You didn't know any spells.
Your spell library was empty.

Dungeon Overview and Level Annotations

Branches:
Dungeon (1/1)

Altars:
Cheibriados
Dithmenos
Elyvilon
Fedhas
Gozag
Hepliaklqana
Kikubaaqudgha
Makhleb
Nemelex Xobeh
Okawaru
Qazlal
Ru
Sif Muna
Trog
Uskayaw
Vehumet
Wu Jian
Xom
Yredelemnul
Zin
The Shining One
Jiyva
Lugonu

Shops:
D (![


Innate Abilities, Weirdness & Mutations

You can breathe wild blasts of lightning.
Your glossy black scales are hard. (AC +7)
You cannot fit into any form of body armour.
You are resistant to electric shocks. (rElec)
You are cold-blooded and may be slowed by cold attacks.


Message History

Unknown command.
You slash the centaur warrior!
The centaur warrior is heavily wounded.
The centaur warrior misses you.
The centaur warrior hits you but does no damage.
Your unstable footing causes you to fumble your attack.
The centaur warrior hits you.
* * * LOW HITPOINT WARNING * * *
Unknown command.
You slash the centaur warrior!
The centaur warrior is almost dead.
The centaur warrior hits you.
* * * LOW HITPOINT WARNING * * *
Unknown command.
You hit the centaur warrior.
The centaur warrior is almost dead.
The centaur warrior hits you!
* * * LOW HITPOINT WARNING * * *
The centaur warrior hits you!
You die...

########################
.#..)..#..'..#__#..')..#
.'[.#..').#..'..'..#)..#
.#####'#####'#__####...+
.####..#...#[####§$#####
.#__####..##(#§§§§.#
.#_____##'#_.+§§§c§+
⌠#_.∩...'..._#§§@c§#
##_..__##_.#'##§####
#_____###'#)#.(()###
##########.####'###.##
^.......'...'[....'(∩#
#++++####...##########
###.### #.#'#.# #.....#


You could see 2 centaur warriors.

Vanquished Creatures
  A deep troll (D)
  2 kobold demonologists (D)
  A slime creature (D)
  Sigmund (D)
  A yak (D)
  A floating eye (D)
  An ogre (D)
  A jelly (D)
  Ijyb (D)
  A ballistomycete spore (D)
11 creatures vanquished.

Vanquished Creatures (others)
  Sonja (D)
  A gargoyle (D)
  A ballistomycete spore (D)
3 creatures vanquished.

Grand Total: 14 creatures vanquished

Notes
Turn   | Place    | Note
-------+----------+-------------------------------------------
     0 | D        | mhtbhm the Draconian Berserker began the quest for the Orb.
     0 | D        | Reached XP level 1. HP: 19/19 MP: 1/1
     1 | D        | Noticed Ijyb
     6 | D        | Killed Ijyb
     7 | D        | Reached XP level 2. HP: 28/28 MP: 2/2
   134 | D        | Noticed an ogre
   137 | D        | Killed an ogre
   138 | D        | Reached skill level 5 in Dodging
   138 | D        | Reached XP level 3. HP: 38/38 MP: 3/3
   138 | D        | Reached XP level 4. HP: 45/45 MP: 4/4
   175 | D        | Noticed Sigmund
   181 | D        | Killed Sigmund
   181 | D        | Reached ** piety under Trog
   182 | D        | Reached XP level 5. HP: 56/56 MP: 5/5
   248 | D        | Found an ornate altar of the Wu Jian Council.
   248 | D        | Found a shimmering blue altar of Sif Muna.
   250 | D        | Found a radiant altar of Vehumet.
   254 | D        | Reached XP level 6. HP: 61/62 MP: 6/6
   280 | D        | Found Lounopoe's Distillery.
   280 | D        | Found an ancient bone altar of Kikubaaqudgha.
   280 | D        | Found a hazy altar of Hepliaklqana.
   280 | D        | Found a stormy altar of Qazlal.
   280 | D        | Found a hide-covered altar of Uskayaw.
   280 | D        | Found a blossoming altar of Fedhas.
   280 | D        | Found a bloodstained altar of Trog.
   280 | D        | Found an iron altar of Okawaru.
   280 | D        | Found a basalt altar of Yredelemnul.
   280 | D        | Found a glowing golden altar of the Shining One.
   280 | D        | Found a snail-covered altar of Cheibriados.
   280 | D        | Found a sacrificial altar of Ru.
   280 | D        | Found a glowing silver altar of Zin.
   280 | D        | Found a shadowy altar of Dithmenos.
   280 | D        | Found a white marble altar of Elyvilon.
   280 | D        | Noticed a yak
   285 | D        | Killed a yak
   286 | D        | Found an opulent altar of Gozag.
   287 | D        | Found a sparkling altar of Nemelex Xobeh.
   381 | D        | Found a burning altar of Makhleb.
   381 | D        | Found a viscous altar of Jiyva.
   381 | D        | Found a shimmering altar of Xom.
   381 | D        | Found a corrupted altar of Lugonu.
   381 | D        | Noticed a slime creature
   387 | D        | Killed a slime creature
   387 | D        | Reached *** piety under Trog
   388 | D        | Reached skill level 10 in Fighting
   388 | D        | Reached skill level 1 in Stealth
   388 | D        | Your scales start taking on a glossy black colour.
   388 | D        | Reached XP level 7. HP: 72/72 MP: 7/7
   388 | D        | Gained mutation: You are resistant to electric shocks.
                  | (rElec) [Black Draconian growth]
   429 | D        | Noticed a kobold demonologist
   430 | D        | Noticed a kobold demonologist
   432 | D        | Reached skill level 10 in Long Blades
   433 | D        | Noticed a rust devil
   451 | D        | Killed a kobold demonologist
   458 | D        | Killed a kobold demonologist
   458 | D        | Reached **** piety under Trog
   459 | D        | Reached skill level 10 in Dodging
   459 | D        | Reached XP level 8. HP: 82/82 MP: 8/8
   622 | D        | Noticed Sonja
   633 | D        | HP: 5/123 [Sonja/+2 short sword of distortion (22)]
   633 | D        | HP: 2/123 [Sonja/+2 short sword of distortion (3)]
   639 | D        | HP: 1/82 [poisoned by Sonja (curare-tipped dart)]
   788 | D        | Killed Sonja
   833 | D        | Killed a gargoyle
   903 | D        | Found Fapnaj's Antique Weapon Boutique.
  1294 | D        | Noticed a deep troll
  1307 | D        | Killed a deep troll
  1308 | D        | Reached XP level 9. HP: 28/90 MP: 9/9
  1317 | D        | Found Nequb's Armour Emporium.
  1584 | D        | Noticed a centaur warrior
  1585 | D        | Noticed a centaur warrior
  1596 | D        | Slain by a centaur warrior

Illustrated notes

Levels and vault maps discovered:
D:        dungeon_sprint_1 [red_sonja_temple_1, red_sonja_temple_small_1]

Skill      XL: |  1  2  3  4  5  6  7  8 |
---------------+-------------------------+-----
Fighting       | 4 6 8 10 11 12 | 12.2
Long Blades    | 4 6 7 8 9 11 12 | 12.4
Dodging        | 4 5 7 8 10 11 | 11.1
Stealth        | 1 2 |  2.4

Action                   |  1- 3 |  4- 6 |  7- 9 || total
-------------------------+-------+-------+-------++-------
Melee: Falchion          |     5 |    15 |    56 ||    76
       Tailslap          |       |     4 |     7 ||    11
Invok: Berserk           |     2 |     3 |     4 ||     9
 Abil: Breathe Lightning |       |       |     2 ||     2
Armor: Skin              |     1 |       |     6 ||     7
Dodge: Dodged            |     3 |     5 |    40 ||    48
       Rpst.: Falchion   |     1 |     2 |     4 ||     7

Table legend: (Time is in decaauts)
 A = Elapsed time spent in this place.
 B = Non-inter-level travel time spent in this place.
 C = Inter-level travel time spent in this place.
 D = Time resting spent in this place.
 E = Time spent auto-exploring this place.
 F = Levels seen in this place.
 G = Mean time per level.
                   A        B        C        D        E       F      G
               +--------+--------+--------+--------+--------+-----+--------+
         Total |   1655 |   1655 |      0 |   1336 |      1 |   1 | 1655.0 |
       Dungeon |   1655 |   1655 |      0 |   1336 |      1 |   1 | 1655.0 |
               +--------+--------+--------+--------+--------+-----+--------+

Top non-repeatable levels by time:
       D: 1655 daAuts
